 Dungeon Crawl Stone Soup version 0.17.2-2-g6415ff710d (webtiles) character file.

45304 Maxtimot the Protected (level 14, -4/113 HPs)
             Began as a Demonspawn Abyssal Knight on Mar 19, 2022.
             Was the Champion of Lugonu.
             Succumbed to a redback's poison
             ... on level 2 of the Spider Nest.
             The game lasted 01:57:52 (16106 turns).

Maxtimot the Protected (Demonspawn Abyssal Knight) Turns: 16106, Time: 01:57:52

Health: -4/113     AC: 31    Str: 16    XL:     14   Next: 0%
Magic:  0/17       EV: 13    Int: 14    God:    Lugonu [******]
Gold:   2118       SH: 16    Dex: 24    Spells: 2 memorised, 4 levels left

rFire  . . .     SeeInvis +     e - +7 spear "Dasaa" {drain, *Contam rC+ Dex+5}
rCold  + . .     Clarity  .     l - +3 plate armour
rNeg   . . .     SustAt   .     U - +0 shield
rPois  .         Gourm    +     t - +0 helmet
rElec  .         Spirit   +     F - +0 cloak
rCorr  .         Warding  .     O - +0 pair of gloves
rMut   .         Stasis   .     (boots unavailable)
MR     +....                    y - amulet of the gourmand
Stlth  ..........               E - ring of see invisible
                                i - +5 ring of protection

@: agile, lethally poisoned (-4 -> -39), somewhat resistant to hostile
enchantments, extremely unstealthy
A: hooves 3, large bone plates 3, powered by death 3, magic shield, magic
regeneration, MP-powered wands
a: Depart the Abyss, Bend Space, Banish, Corrupt, Enter the Abyss, Brand Weapon
With Distortion, Renounce Religion


You were on level 2 of the Spider Nest.
You worshipped Lugonu.
Lugonu was exalted by your worship.
You were not hungry.

You visited 4 branches of the dungeon, and saw 21 of its levels.
You visited the Abyss 1 time.
You also visited: Sewer and Ossuary.

You collected 2118 gold pieces.

Inventory:

Hand Weapons
 a - a +6 falchion of slicing
 e - the +7 spear "Dasaa" (weapon) {drain, *Contam rC+ Dex+5}
   (You found it on level 5 of the Dungeon)

   A truly terrible weapon, it drains the life of those it strikes.
   It affects your dexterity (+5).
   It protects you from cold.
   It causes magical contamination when unequipped.
 K - a +5 great sword of flaming
Missiles
 q - 8 tomahawks (quivered)
 L - 3 javelins
Armour
 l - a +3 plate armour (worn)
 t - a +0 helmet (worn)
 F - a +0 cloak (worn)
 O - a +0 pair of gloves (worn)
 U - a +0 shield (worn)
Jewellery
 i - a +5 ring of protection (left hand)
 s - an uncursed ring of protection from magic
 y - an amulet of the gourmand (around neck)
 E - a ring of see invisible (right hand)
 J - an uncursed ring of protection from cold
 N - an uncursed ring of poison resistance
 T - an uncursed ring of sustain attributes
 V - an uncursed ring of teleportation
Wands
 g - a wand of enslavement (14)
 j - a wand of slowing (25)
 C - a wand of magic darts (25)
 M - a wand of cold (4)
 R - a wand of lightning (5)
 S - a wand of draining (14)
 W - a wand of polymorph (8)
 Z - a wand of hasting (3)
Scrolls
 b - 2 scrolls of fear
 k - 7 scrolls of teleportation
 o - 3 scrolls of blinking
 p - 3 scrolls of amnesia
 u - 7 scrolls of remove curse
 z - a scroll of fog
Potions
 f - 7 potions of agility
 h - 3 potions of lignification
 n - 2 potions of cure mutation
 A - 2 potions of flight
 G - a potion of magic
Books
 v - a book of the Earth

   Spells                             Type                      Level
   a - Leda's Liquefaction            Hexes/Earth                  4
   b - Bolt of Magma                  Conjuration/Fire/Earth       5
   c - Statue Form                    Transmutation/Earth          6
   d - Iron Shot                      Conjuration/Earth            6
   e - Shatter                        Earth                        9
 x - a book of the Tempests

   Spells                             Type                      Level
   a - Static Discharge               Conjuration/Air              3
   b - Lightning Bolt                 Conjuration/Air              5
   c - Fireball                       Conjuration/Fire             5
   d - Tornado                        Air                          9
   e - Shatter                        Earth                        9
Miscellaneous
 m - an ornate deck of escape {drawn: 2}
 r - a plain deck of summoning {drawn: 1}
 Q - a plain deck of wonders
 Y - a box of beasts {used: 2}
Comestibles
 c - 12 bread rations
 I - 7 meat rations


   Skills:
 + Level 11.3 Fighting
 + Level 6.3 Long Blades
 + Level 9.8 Polearms
 + Level 3.1 Throwing
 + Level 11.3 Armour
 + Level 5.5 Dodging
 + Level 2.8 Stealth
 + Level 9.9 Shields
 + Level 4.9 Invocations
 + Level 1.4 Evocations


You had 4 spell levels left.
You knew the following spells:

 Your Spells              Type           Power        Failure   Level  Hunger
a - Leda's Liquefaction   Hex/Erth       #.........   100%        4    #####..
b - Bolt of Magma         Conj/Fire/Erth #.........   100%        5    ######.


Dungeon Overview and Level Annotations

Branches:
Dungeon (11/15)            Temple (1/1) D:5            Lair (6/8) D:11
 Spider (3/4) Lair:6
  Swamp: Lair:3-6    Shoals: Lair:3-6     Slime: Lair:6-8       Orc: D:9-12

Altars:
Ashenzari
Cheibriados
Dithmenos
Elyvilon
Fedhas
Gozag
Kikubaaqudgha
Makhleb
Nemelex Xobeh
Okawaru
Qazlal
Ru
Sif Muna
Trog
Vehumet
Xom
Yredelemnul
Zin
The Shining One

Shops:
D:8 *

Annotations:
D:7 corrupted


Innate Abilities, Weirdness & Mutations

You have hooves in place of feet.
You are completely covered in large bone plates (AC +4, SH +4).
You regenerate a lot of health from kills.
When hurt, damage is shared between your health and your magic reserves.
You regenerate magic rapidly.
You expend magic power (3 MP) to strengthen your wands.


Message History

The wolf spider bites you but does no damage.
The redback bites you!
* * * LOW HITPOINT WARNING * * *
The redback bites you.
* * * LOW HITPOINT WARNING * * *
You are lethally poisoned!
The redback poisons you!
Your plate armour prevents you from hitting the wolf spider.
You kick the wolf spider.
The wolf spider is almost dead.
* * * LOW HITPOINT WARNING * * *
You feel very sick. You block the wolf spider's attack.
The wolf spider barely misses you. You block the redback's attack. x2
The wolf spider hits you but does no damage.
The wolf spider bites you but does no damage.
Space bends around you!
You blink.
* * * LOW HITPOINT WARNING * * *
You feel slightly more hungry.
You die...

.................................
...##)...........................
≈###.............................
#..............s.s...............
#...............§...).........≈≈≈
.^.......^.......s........(...≈≈.
..................^...........#..
.....^...........<...>...........
................@................
.................................
..≈#.............................
#≈#...^..........................
≈...^............................
......^..............^...........
........≈........................
......#≈#........>...###...#.....
≈≈....#.......###.....##..≈##^...


You could see a wolf spider and 2 redbacks.

Vanquished Creatures
  A ghost moth (Spider:1)
  Aizul (Spider:1)
  An entropy weaver (Spider:2)
  A hydra (Lair:2)
  The ghost of Maxtimot the Covert, a journeyman KoAs of Dithmenos (Lair:2)
  An oklob plant (Lair:5)
  2 orb spiders
  A black mamba (Lair:2)
  12 wolf spiders
  A hornet (Spider:2)
  Joseph (Lair:1)
  10 spiny frogs
  4 komodo dragons
  8 demonic crawlers
  2 fire drakes
  8 jumping spiders
  21 redbacks
  2 deep elf magi
  10 tarantellas
  10 trapdoor spiders
  4 hippogriffs
  22 yaks
  2 basilisks (Lair:3)
  A hungry ghost (D:7)
  Grum (D:9)
  5 wolves
  Menkaure (D:6)
  A steam dragon (Lair:3)
  3 vampire mosquitoes
  Edmund (D:5)
  8 porcupines
  10 water moccasins
  22 spiders
  A black bear (D:6)
  4 phantoms
  2 centaurs
  3 orc warriors
  A wasp (Spider:1)
  An ice beast (D:5)
  5 sky beasts
  10 crocodiles
  4 ogres
  5 big kobolds
  10 giant frogs
  A gnoll sergeant (D:10)
  13 scorpions
  12 killer bees
  8 wights (D:9)
  2 electric eels (Lair:6)
  A quasit (D:10)
  A jelly (D:8)
  2 centaur skeletons
  3 crimson imps
  A centaur zombie (Ossuary)
  4 giant frog skeletons
  4 iguanas
  6 orc priests
  11 orc wizards
  2 hounds
  3 human zombies (Ossuary)
  7 worker ants
  8 sheep (Lair:6)
  2 mummies (Ossuary)
  A worker ant zombie (D:6)
  43 river rats
  21 adders
  5 gnolls (D:10)
  2 scorpion zombies (Ossuary)
  3 shadow imps
  10 oozes
  2 adder zombies
  A worm (D:6)
  2 adder skeletons
  11 giant geckos
  38 orcs
  16 ball pythons
  5 bats
  9 giant cockroaches
  2 gnoll zombies (Ossuary)
  8 hobgoblins
  19 kobolds
  4 quokkas
  A giant gecko skeleton (D:4)
  22 giant newts
  9 goblins
  2 goblin zombies (Ossuary)
  3 hobgoblin zombies (Ossuary)
  9 jackals (D:4)
  A jackal skeleton (D:4)
  4 kobold zombies (Ossuary)
  A quokka skeleton (D:5)
  14 rats
584 creatures vanquished.

Vanquished Creatures (collateral kills)
  Sonja (Lair:4)
  An oklob plant (Lair:5)
  6 yaks
  A redback (Spider:2)
  2 porcupines
  A fungus (Lair:5)
12 creatures vanquished.

Vanquished Creatures (others)
  A hill giant (D:11)
  A redback (Spider:1)
  A hungry ghost (D:7)
  A water moccasin (D:9)
  An orc warrior (D:7)
  A black bear (D:6)
  A giant frog (D:7)
  An orc priest (D:7)
  A mummy (Ossuary)
  2 orcs (D:7)
  A quokka (D:7)
  3 fungi
15 creatures vanquished.

Grand Total: 611 creatures vanquished

Notes
Turn   | Place    | Note
--------------------------------------------------------------
     0 | Abyss:1  | Maxtimot the Demonspawn Abyssal Knight began the quest for the Orb.
     0 | Abyss:1  | Reached XP level 1. HP: 18/18 MP: 2/2
    33 | Abyss:1  | Noticed a worldbinder
    42 | Abyss:1  | Noticed a smoke demon
    45 | D:1      | Escaped the Abyss
    75 | D:1      | Reached * piety under Lugonu
   106 | D:1      | Reached skill level 1 in Dodging
   149 | D:1      | Gained mutation: You regenerate a little health from kills. [demonic ancestry]
   149 | D:1      | Reached XP level 2. HP: 6/24 MP: 3/3
   697 | D:2      | Gained mutation: When hurt, damage is shared between your health and your magic reserves. [demonic ancestry]
   697 | D:2      | Reached XP level 3. HP: 19/29 MP: 4/4
   722 | D:2      | Found a burning altar of Makhleb.
   789 | D:2      | Reached ** piety under Lugonu
  1179 | D:3      | Gained mutation: You are partially covered in large bone plates (AC +2, SH +2). [demonic ancestry]
  1179 | D:3      | Reached XP level 4. HP: 35/35 MP: 5/5
  1202 | D:3      | Found a deep blue altar of Sif Muna.
  1298 | D:3      | Found a sparkling altar of Nemelex Xobeh.
  1359 | D:3      | Reached XP level 5. HP: 39/42 MP: 6/6
  1493 | D:3      | Reached *** piety under Lugonu
  1637 | D:3      | You fall through a shaft for 3 floors!
  1639 | D:6      | Noticed a black bear
  1647 | D:6      | Noticed a black bear
  1654 | D:5      | Entered Level 5 of the Dungeon
  1679 | D:5      | Found a sand-covered staircase.
  1688 | D:5      | Noticed a centaur
  1693 | Ossuary  | Entered an ossuary
  1711 | Ossuary  | Reached skill level 4 in Fighting
  1761 | Ossuary  | Gained mutation: You are mostly covered in large bone plates (AC +3, SH +3). [demonic ancestry]
  1761 | Ossuary  | Reached XP level 6. HP: 45/48 MP: 5/7
  1971 | Ossuary  | Gained mutation: You regenerate magic rapidly. [demonic ancestry]
  1971 | Ossuary  | Reached XP level 7. HP: 39/55 MP: 6/8
  2159 | D:5      | Killed a centaur
  2198 | D:5      | Noticed Edmund
  2231 | D:5      | Noticed an ogre
  2247 | D:5      | Killed an ogre
  2251 | D:5      | Killed Edmund
  2251 | D:5      | Reached skill level 5 in Fighting
  2251 | D:5      | Reached skill level 5 in Long Blades
  2261 | D:5      | Found a glowing drain.
  2270 | Sewer    | Entered a sewer
  2273 | Sewer    | Reached **** piety under Lugonu
  2357 | Sewer    | Reached XP level 8. HP: 62/62 MP: 9/9
  2602 | Sewer    | Reached ***** piety under Lugonu
  2609 | Sewer    | Reached skill level 5 in Armour
  2701 | D:5      | Got a dazzling spear
  2702 | D:5      | Identified the +7 spear "Dasaa" {drain, *Contam rC+ Dex+5} (You found it on level 5 of the Dungeon)
  2733 | D:5      | Found a basalt altar of Yredelemnul.
  2742 | D:5      | Noticed an ice beast
  2749 | D:5      | Killed an ice beast
  2927 | D:5      | Found a sacrificial altar of Ru.
  2928 | D:5      | Found a radiant altar of Vehumet.
  2930 | D:5      | Found a staircase to the Ecumenical Temple.
  2931 | D:5      | Found a shimmering altar of Xom.
  3032 | Temple   | Entered the Ecumenical Temple
  3256 | D:6      | Noticed a sky beast
  3256 | D:6      | Banished a black bear
  3273 | D:6      | Killed a black bear
  3273 | D:6      | Reached skill level 6 in Long Blades
  3287 | D:6      | Killed a sky beast
  3287 | D:6      | Reached skill level 1 in Polearms
  3432 | D:6      | Noticed Menkaure
  3445 | D:6      | Killed Menkaure
  3479 | D:6      | Gained mutation: You regenerate health from kills. [demonic ancestry]
  3479 | D:6      | Reached XP level 9. HP: 64/69 MP: 11/11
  3497 | D:6      | Found an iron altar of Okawaru.
  3629 | D:6      | Noticed a phantom
  3646 | D:6      | Killed a phantom
  3744 | D:7      | Found a snail-covered altar of Cheibriados.
  3776 | D:7      | Learned a level 4 spell: Leda's Liquefaction
  3798 | D:7      | Reached skill level 1 in Throwing
  3927 | D:7      | Corrupted D:7
  3927 | D:7      | Noticed a thrashing horror
  3927 | D:7      | Noticed a thrashing horror
  3929 | D:7      | Noticed a death knight
  3929 | D:7      | Gained mutation: You are frail (-10% HP). [a neqoxec]
  3930 | D:7      | Noticed a starcursed mass
  3937 | D:7      | Noticed a thrashing horror
  3938 | D:7      | Noticed a starcursed mass
  3943 | D:7      | Noticed a death drake
  4025 | D:7      | Found a stormy altar of Qazlal.
  4896 | D:8      | Found a basalt altar of Yredelemnul.
  4968 | D:8      | Found Zin's Purification Station.
  4968 | D:8      | Found a glowing silver altar of Zin.
  5029 | D:8      | Reached skill level 7 in Armour
  5953 | D:4      | Reached skill level 1 in Stealth
  6055 | D:4      | Gained mutation: You have large cloven feet. [demonic ancestry]
  6055 | D:4      | Reached XP level 10. HP: 71/71 MP: 12/12
  6506 | D:9      | Noticed Grum
  6568 | D:9      | Killed Grum
  6568 | D:9      | Reached skill level 5 in Polearms
  6671 | D:9      | Reached skill level 8 in Armour
  6831 | D:9      | Lost mutation: You are frail (-10% HP). [mutagenic glow]
  6871 | D:9      | Gained mutation: You expend magic power (3 MP) to strengthen your wands. [mutagenic glow]
  7532 | D:10     | Entered Level 10 of the Dungeon
  7994 | D:10     | Reached ****** piety under Lugonu
  8335 | D:11     | Identified a scroll of acquirement
  8361 | D:11     | Noticed a hill giant
  8365 | D:11     | Banished a hill giant
  8365 | D:11     | Reached skill level 1 in Shields
  8365 | D:11     | Gained mutation: You regenerate a lot of health from kills. [demonic ancestry]
  8365 | D:11     | Reached XP level 11. HP: 87/87 MP: 14/14
  8533 | D:11     | Found a staircase to the Lair.
  8587 | Lair:1   | Entered Level 1 of the Lair of Beasts
  8823 | Lair:1   | Reached skill level 9 in Armour
  8877 | Lair:1   | Noticed Joseph
  8897 | Lair:1   | Killed Joseph
  9489 | Lair:2   | Noticed Maxtimot's ghost (journeyman KoAs)
  9633 | Lair:2   | Killed Maxtimot's ghost
  9942 | Lair:2   | Noticed a five-headed hydra
  9974 | Lair:2   | Killed a five-headed hydra
 10093 | Lair:2   | Found a burning altar of Makhleb.
 10219 | Lair:2   | Reached skill level 5 in Shields
 10407 | Lair:3   | Gained mutation: You have hoof-like feet. [demonic ancestry]
 10407 | Lair:3   | Reached XP level 12. HP: 75/96 MP: 15/15
 10510 | Lair:3   | Learned a level 5 spell: Bolt of Magma
 11023 | Lair:3   | You fall through a shaft for 3 floors!
 11098 | Lair:6   | Reached skill level 10 in Armour
 11190 | Lair:5   | Reached skill level 10 in Fighting
 12025 | Lair:4   | Reached skill level 1 in Evocations
 12058 | Lair:4   | Noticed Sonja
 12070 | Lair:4   | Reached skill level 5 in Dodging
 12831 | Lair:4   | Killed Sonja
 13106 | Lair:6   | Found a hole to the Spider Nest.
 13194 | Spider:1 | Entered Level 1 of the Spider Nest
 13307 | Spider:1 | Noticed an entropy weaver
 13308 | Spider:1 | Banished an entropy weaver
 13613 | Spider:1 | Noticed Aizul
 13671 | Spider:1 | Killed Aizul
 13671 | Spider:1 | Gained mutation: You have hooves in place of feet. [demonic ancestry]
 13671 | Spider:1 | Reached XP level 13. HP: 45/104 MP: 9/16
 14077 | Spider:1 | Noticed a ghost moth
 14099 | Spider:1 | Killed a ghost moth
 14537 | Spider:2 | Reached skill level 11 in Armour
 16019 | Spider:2 | Noticed an emperor scorpion
 16019 | Spider:2 | Banished an emperor scorpion
 16081 | Spider:2 | Gained mutation: You are completely covered in large bone plates (AC +4, SH +4). [demonic ancestry]
 16081 | Spider:2 | Reached XP level 14. HP: 18/113 MP: 7/17
 16104 | Spider:2 | HP: 5/113 [redback (4)]
 16105 | Spider:2 | HP: 2/113 [poisoned by a redback]
 16106 | Spider:2 | Succumbed to a redback's poison

Action                   |  1- 3 |  4- 6 |  7- 9 | 10-12 | 13-15 || total
-------------------------+-------+-------+-------+-------+-------++-------
Melee: Falchion          |   148 |   210 |   265 |       |       ||   623
       Spear             |       |       |   419 |  1477 |   613 ||  2509
Throw: Tomahawk          |       |       |     8 |    24 |    29 ||    61
       Javelin           |       |       |       |     4 |     7 ||    11
       Throwing net      |       |       |       |     1 |       ||     1
Invok: Depart the Abyss  |     1 |       |       |       |       ||     1
       Banish            |       |       |     1 |     3 |     2 ||     6
       Corrupt           |       |       |     1 |       |       ||     1
       Bend Space        |       |       |       |       |     3 ||     3
Evoke: Sack of spiders   |       |       |       |     6 |       ||     6
       Deck              |       |       |       |     3 |       ||     3
       Wand              |       |       |       |     1 |     1 ||     2
       Box of beasts     |       |       |       |     1 |     1 ||     2
  Use: Scroll            |     2 |     4 |    20 |    17 |     2 ||    45
       Potion            |       |       |     2 |    14 |     8 ||    24
 Stab: Distracted        |       |       |       |     1 |     1 ||     2
       Held in net/web   |       |       |       |     1 |       ||     1
       Invisible         |       |       |       |       |     7 ||     7
  Eat: Beef jerky        |     1 |     1 |       |       |     2 ||     4
       Bread ration      |       |     1 |       |       |       ||     1
       Meat ration       |       |       |     2 |       |       ||     2
       Fruit             |       |       |    10 |    14 |    10 ||    34
       Royal jelly       |       |       |     1 |       |       ||     1
       Pizza             |       |       |       |     4 |       ||     4
       Chunk             |       |       |       |     6 |       ||     6
